 Dungeon Crawl Stone Soup version 0.17-a0-2171-ga91b4ec (webtiles) character file.

163 kosy22 the Shooter (level 5, 0/63 HPs)
             Began as a Centaur Hunter on Oct 25, 2015.
             Succumbed to kobold's curare-tipped needle
             ... on level 3 of the Dungeon.
             The game lasted 00:15:21 (2965 turns).

kosy22 the Shooter (Centaur Hunter)                 Turns: 2965, Time: 00:15:22

Health: 0/63       AC: 22    Str: 14      XL:     5   Next: 20%
Magic:  5/5        EV:  1    Int: 15      God:
Gold:   137        SH:  0    Dex:  9 (11) Spells: 0 memorised, 4 levels left

rFire  . . .     SeeInvis .     a - +1 shortbow
rCold  . . .     Clarity  +     (armour currently unavailable)
rNeg   + + +     SustAt   .     (no shield)
rPois  +         Gourm    .     (helmet currently unavailable)
rElec  .         Spirit   .     (cloak currently unavailable)
rCorr  .         Warding  .     (gloves currently unavailable)
rMut   .         NoTele   +     (no barding)
MR     .....                    r - amulet of clarity
Stlth  +.........               (no ring)
                                (no ring)

@: brilliant, lethally poisoned (0 -> -7), exhausted, tree-form, very slightly
contaminated, slowed, invisible, very slow, not resistant to hostile
enchantments, very unstealthy
A: (hooves 0), (deformed body), (speed 0), (tough skin 0)
a: no special abilities


You were on level 3 of the Dungeon.
You were full.
You were a tree.
You visited 1 branch of the dungeon, and saw 3 of its levels.

You collected 137 gold pieces.

Inventory:

Hand Weapons
 a - a +1 shortbow (weapon)
 s - a +2 short sword of venom
 w - a +0 blowgun
Missiles
 b - 69 arrows (quivered)
 m - 5 tomahawks
 x - 9 poisoned needles
Armour
 d - a +0 leather armour (melded)
Jewellery
 r - an amulet of clarity (around neck)
Scrolls
 c - a scroll of enchant weapon {unknown}
 g - 2 scrolls of identify
 h - 3 scrolls of teleportation {unknown}
 i - a scroll of fear {unknown}
 p - a scroll of remove curse {unknown}
 u - a scroll of noise {unknown}
 y - a scroll of enchant armour {unknown}
Potions
 t - 2 potions of lignification
Comestibles
 e - a bread ration
 j - 2 slices of pizza
 n - a beef jerky
 q - a meat ration


   Skills:
 + Level 2.4 Fighting
 + Level 0.1 Short Blades
 + Level 6.9 Bows
 + Level 1.4 Throwing
 + Level 1.2 Armour
 + Level 2.0 Dodging
 + Level 0.7 Stealth


You had 4 spell levels left.
You didn't know any spells.

Dungeon Overview and Level Annotations

Branches:
Dungeon (3/15)

Altars:
Gozag
Makhleb
Nemelex Xobeh


Innate Abilities, Weirdness & Mutations

((You have hooves in place of feet.))
((Armour fits poorly on your strangely shaped body.))
((You cover ground very quickly.))
((You have extremely tough skin (AC +3).))


Message History

Read which item? (? for menu, Esc to quit)
As you read the scroll labeled IMAELEGROO, it crumbles to dust.
You feel aware of your surroundings.
You sensed 1 altar.
It was a scroll of magic mapping.
* * * LOW HITPOINT WARNING * * *
You feel sick.
Read which item? (? for menu, Esc to quit)
As you read the scroll labeled UMUSYE RUVVOEJ, it crumbles to dust.
You cannot teleport because you are held in place by your roots.
It was a scroll of blinking.
* * * LOW HITPOINT WARNING * * *
You feel sick.
You cannot move.
Sorry, you're not good enough to have a special ability.
Wield which item (- for none, * to show all)? (? for menu, Esc to quit)
Okay, then.
Drink which item? (? for menu, Esc to quit)
Okay, then.
Eat which item? (? for menu, Esc to quit)
You die...

********>,***,,,*,,* **,
,,,,,,,,,,* *,#.*..# *<,
********,,*##,#.#..# **,
,,,,,,,,,*,..##.#..#****### **
***********,....$..,,,,,..## *
***********###..#.#*####...#* *
,,,,,,,,,,,,......# #...#.#.#****
*********#####.#.(###.......,,,,,
* #()....♣.......#,*,*****
#(###.....†...#,,,** * *,*
#.#.###..##*,#* * *,* #.#.# #..#
*.# * #.###.#.###).###.##*****
#....†.............,...,
#.####.............,..#*
#.....#.###..#.####*#.#
#.###.#.###...#.#####.#


There were no monsters in sight!

Vanquished Creatures
  A hound (D:3)
  Terence (D:2)
  3 adders
  An ooze (D:2)
  A worm (D:2)
  4 orcs (D:3)
  8 bats
  4 giant cockroaches
  10 hobgoblins
  9 jackals
  2 giant newts
  7 goblins
  6 kobolds
  A quokka (D:2)
  9 rats
67 creatures vanquished.

Notes
Turn   | Place    | Note
--------------------------------------------------------------
     0 | D:1      | kosy22 the Centaur Hunter began the quest for the Orb.
     0 | D:1      | Reached XP level 1. HP: 17/17 MP: 1/1
   192 | D:1      | Reached XP level 2. HP: 12/24 MP: 2/2
   409 | D:1      | Reached skill level 6 in Bows
   903 | D:1      | Reached XP level 3. HP: 27/29 MP: 3/3
  1567 | D:2      | Noticed Terence
  1580 | D:2      | Killed Terence
  1580 | D:2      | Reached skill level 1 in Throwing
  1580 | D:2      | Reached XP level 4. HP: 24/37 MP: 4/4
  1650 | D:2      | Found an opulent altar of Gozag.
  1650 | D:2      | Found a sparkling altar of Nemelex Xobeh.
  2291 | D:3      | Reached skill level 1 in Armour
  2843 | D:3      | Found a burning altar of Makhleb.
  2851 | D:3      | Reached XP level 5. HP: 38/42 MP: 5/5
  2963 | D:3      | HP: 2/63 [poisoned by kobold (curare-tipped needle)]
  2965 | D:3      | Succumbed to kobold's curare-tipped needle

Vault maps used:
D:1:      minmay_arrival_checkered_box, grunt_decor_mini_mirrors
D:2:      grunt_temple_overflow_opulence, uniq_terence
D:3:      makhleb_blood_cavern_becter, trog_wizard, uniq_natasha

Action                   |  1- 3 |  4- 6 || total
-------------------------+-------+-------++-------
Melee: Whip              |    13 |       ||    13
       Short sword       |    34 |    11 ||    45
       Dagger            |    22 |       ||    22
 Fire: Shortbow          |    82 |    59 ||   141
       Blowgun           |       |     3 ||     3
Throw: Tomahawk          |     5 |    16 ||    21
  Use: Scroll            |     1 |     3 ||     4
       Potion            |       |     6 ||     6
  Eat: Bread ration      |     1 |       ||     1
       Meat ration       |       |     1 ||     1
